 Dungeon Crawl Stone Soup version 0.28.0-1-gb440e238dd (webtiles) character file.

Game seed: 6129141168491448105

87 zeram the Sneak (level 4, -1/27 HPs)
             Began as an Octopode Enchanter on Feb 26, 2022.
             Slain by an orc priest (5 damage)
             ... on level 2 of the Dungeon.
             The game lasted 00:03:12 (2671 turns).

zeram the Sneak (Octopode Enchanter)                Turns: 2671, Time: 00:03:12

Health: -1/27      AC:  1    Str:  7    XL:     4   Next: 51%
Magic:  7/7        EV: 13    Int: 19    God:
Gold:   70         SH:  3    Dex: 12    Spells: 5/7 levels left

rFire   . . .      SeeInvis .   a - +1 dagger
rCold   . . .      Faith    .   e - +0 buckler
rNeg    . . .      Spirit   .   (helmet restricted)
rPois   .          Reflect  .   (no amulet)
rElec   .          Harm     .   (no ring)
rCorr   .          Rampage  .   (no ring)
Will    .....                   (no ring)
Stlth   ++++......              (no ring)
HPRegen 0.09/turn               (no ring)
MPRegen 0.10/turn               (no ring)
                                (no ring)
                                (no ring)

@: no status effects
A: almost no armour, amphibious, 8 rings, camouflage 1, gelatinous body 1,
(nimble swimmer 1), tentacles
a: no special abilities


You were on level 2 of the Dungeon.
You visited 1 branch of the dungeon, and saw 2 of its levels.

You collected 70 gold pieces.

Inventory:

Hand Weapons
 a - a +1 dagger (weapon)
Missiles
 d - 6 poisoned darts (quivered)
Armour
 e - a +0 buckler (worn)
Jewellery
 i - a ring of fire
Scrolls
 c - a scroll of identify
 h - 2 scrolls of noise {unknown}
 j - a scroll of holy word {unknown}
Potions
 f - a potion of berserk rage {unknown}
 g - a potion of lignification {unknown}


   Skills:
 + Level 1.4 Short Blades
 + Level 2.3 Dodging
 + Level 5.6 Stealth
 * Level 0.7 Shields
 + Level 2.3 Spellcasting
 + Level 3.4 Hexes


You had 5 spell levels left.
You knew the following spells:

 Your Spells              Type           Power      Damage    Failure   Level
a - Ensorcelled Hibernat  Hex/Ice        16%        N/A       17%         2

Your spell library contained the following spells:

 Spells                   Type           Power      Damage    Failure   Level
 Confusing Touch          Hex            15%        N/A       16%         3
 Tukima's Dance           Hex            15%        N/A       16%         3
 Dazzling Flash           Conj/Hex       16%        N/A       32%         3
 Ignite Poison            Fire/Tmut/Pois 2%         N/A       56%         3
 Mephitic Cloud           Conj/Pois/Air  2%         N/A       56%         3
 Freezing Cloud           Conj/Ice/Air   1%         6-21      99%         5


Dungeon Overview and Level Annotations

Branches:
Dungeon (2/15)

Altars:


Innate Abilities, Weirdness & Mutations

You cannot wear most types of armour.
You are amphibious.
You can wear up to eight rings at the same time.
Your skin changes colour to match your surroundings (Stealth+).
Your rubbery body absorbs attacks. (AC +1, EV +1)
((You are camouflaged when in or above water. (Stealth+)))
You have tentacles for arms and can constrict up to eight enemies at once.


Message History

You start resting.
HP restored.
You climb downwards.
There is a stone staircase leading up here.
No target in view!
The orc misses you.
You hit the orc but do no damage. Your grab misses the orc.
You squeeze the orc!
You kill the orc!
The orc priest invokes the aid of Beogh against you.
Beogh smites you! The orc priest hits you with a +0 club.
Things that are here:
a +0 hand axe; a +0 ring mail; an orc corpse You are too injured to fight recklessly!
You are too injured to fight recklessly!
You are too injured to fight recklessly!
There is a stone staircase leading up here.
Okay, then.
You hit the orc priest. Your grab misses the orc priest.
The orc priest is lightly wounded.
The orc priest barely misses you.
You closely miss the orc priest. Your grab misses the orc priest.
The orc priest is lightly wounded.
The orc priest barely misses you.
You hit the orc priest but do no damage.
You grab the orc priest.
The orc priest is lightly wounded.
You constrict the orc priest, but do no damage.
The orc priest misses you.
You hit the orc priest.
You squeeze the orc priest, but do no damage.
The orc priest is moderately wounded.
You constrict the orc priest, but do no damage.
The orc priest hits you with a +0 club!
* * * LOW HITPOINT WARNING * * *
You hit the orc priest but do no damage.
The orc priest is moderately wounded.
You constrict the orc priest. The orc priest hits you with a +0 club.
You die...

...##...# ...##...#
.#......####
...#.......########..
.......###.......##.#
.#..#.## #######.##.#
.#.†#.# #.##.#
....#.# #.##.#
......# #@##.#
.##.### #o##.######
.##.# #.)..÷....#
.##.# ####.##....$#
.##.# #$# .....#
.##.####### ...
.....# ...........
#####.....#
###.......# .....#
..........# ######


You could see an orc priest.

Vanquished Creatures
  An orc wizard (D:1)
  An ufetubus (D:2)
  A worm (D:2)
  A dart slug (D:1)
  3 orcs
  2 ball pythons
  4 endoplasms
  A giant cockroach (D:2)
  5 goblins
  4 hobgoblins (D:1)
  6 quokkas
  5 bats (D:1)
  10 frilled lizards
  3 rats
47 creatures vanquished.

Notes
Turn   | Place    | Note
-------+----------+-------------------------------------------
     0 | D:1      | zeram the Octopode Enchanter began the quest for the Orb.
     0 | D:1      | Reached XP level 1. HP: 11/11 MP: 3/3
    89 | D:1      | Found a faded altar of an unknown god.
   118 | D:1      | Reached XP level 2. HP: 10/17 MP: 5/5
   508 | D:1      | Learned a level 2 spell: Ensorcelled Hibernation
  1220 | D:1      | Reached XP level 3. HP: 14/21 MP: 6/6
  1878 | D:2      | Reached skill level 5 in Stealth
  2221 | D:1      | HP: 1/21 [orc wizard (2)]
  2227 | D:1      | Reached XP level 4. HP: 1/27 MP: 7/7
  2671 | D:2      | Slain by an orc priest

Illustrated notes

Levels and vault maps discovered:
D:1:      wander_arrival_chamber, layout_basic,
          chequers_ecumenical_altar_twisty, serial_park_tiny_2,
          minmay_lizard_pond
D:2:      layout_loops_ring

Skill      XL: |  1  2  3 |
---------------+----------+-----
Stealth        | 5 |  5.6
Short Blades   | |  1.4
Dodging        | |  2.3
Shields        | |  0.7
Spellcasting   | |  2.3
Hexes          | |  3.4

Action                   |  1- 3 |  4- 6 || total
-------------------------+-------+-------++-------
Melee: Dagger            |    87 |    11 ||    98
       Constrict         |    19 |     2 ||    21
       Tentacles         |    14 |     2 ||    16
  Use: Scroll            |     1 |       ||     1
       Potion            |     1 |       ||     1
 Stab: Sleeping          |    18 |       ||    18
Armor: Skin              |     6 |       ||     6
Dodge: Dodged            |    31 |     8 ||    39
Block: Buckler           |     3 |       ||     3
